 Dungeon Crawl Stone Soup version 0.29.1-2-gbd0b4ee654 (webtiles) character file.

Game seed: 11282046549178404939

164 Aibolit the Shield-Bearer (level 5, 0/47 HPs)
             Began as a Gnoll Fighter on Nov 21, 2022.
             Was an Initiate of Gozag.
             Slain by an ogre
             ... wielding a +0 giant club
              (6 damage)
             ... on level 4 of the Dungeon.
             The game lasted 00:04:43 (3613 turns).

Aibolit the Shield-Bearer (Gnoll Fighter)           Turns: 3613, Time: 00:04:44

Health: 0/47       AC: 13    Str: 17    XL:     5   Next: 45%
Magic:  7/7        EV:  9    Int:  7    God:    Gozag
Gold:   413        SH:  5    Dex: 12    Spells: 7/7 levels left

rFire   . . .      SeeInvis .   a - +0 trident
rCold   . . .      Faith    +   c - +0 buckler
rNeg    . . .      Spirit   .   b - +0 scale mail
rPois   .          Reflect  .   (no helmet)
rElec   .          Harm     .   (no cloak)
rCorr   .          Rampage  .   (no gloves)
Will    .....                   u - +0 pair of boots
Stlth   ..........              d - amulet of faith
HPRegen 0.15/turn               j - +4 ring of protection
MPRegen 0.10/turn               (no ring)

@: no status effects
A: fangs 1, strong nose, distributed training
a: Renounce Religion, Potion Petition, Call Merchant, Bribe Branch


You were on level 4 of the Dungeon.
You worshipped Gozag.
Gozag was aware of your devotion.
You visited 1 branch of the dungeon, and saw 4 of its levels.

You collected 413 gold pieces.

Inventory:

Hand Weapons
 a - a +0 trident (weapon)
Armour
 b - a +0 scale mail (worn)
 c - a +0 buckler (worn)
 u - a +0 pair of boots (worn)
Jewellery
 d - an amulet of faith (around neck)
 j - a +4 ring of protection (left hand)
Wands
 m - a wand of polymorph (4)
 n - a wand of acid (7)
 t - a wand of charming (3)
Scrolls
 e - a scroll of magic mapping
 f - a scroll of blinking {unknown}
 h - a scroll of identify {unknown}
 i - 2 scrolls of fear {unknown}
 l - a scroll of silence {unknown}
 q - a scroll of immolation {unknown}
 r - a scroll of brand weapon {unknown}
 s - 2 scrolls of teleportation {unknown}
 v - a scroll of enchant armour {unknown}
Potions
 g - a potion of heal wounds {unknown}
 k - a potion of flight {unknown}
 o - 2 potions of haste {unknown}
 p - a potion of attraction {unknown}


   Skills:
 + Level 6.7 Fighting
 + Level 1.6 Short Blades
 + Level 1.6 Long Blades
 + Level 1.6 Axes
 + Level 1.6 Maces & Flails
 + Level 4.8 Polearms
 + Level 1.6 Staves
 + Level 1.6 Ranged Weapons
 + Level 1.6 Throwing
 + Level 6.7 Armour
 + Level 1.6 Dodging
 + Level 1.6 Stealth
 + Level 6.7 Shields
 + Level 1.6 Unarmed Combat
 + Level 1.6 Spellcasting
 + Level 1.2 Conjurations
 + Level 1.2 Hexes
 + Level 1.2 Summonings
 + Level 1.2 Necromancy
 + Level 1.2 Translocations
 + Level 1.2 Transmutations
 + Level 1.2 Fire Magic
 + Level 1.2 Ice Magic
 + Level 1.2 Air Magic
 + Level 1.2 Earth Magic
 + Level 1.2 Poison Magic
 + Level 1.8 Invocations
 + Level 1.6 Evocations


You had 7 spell levels left.
You didn't know any spells.
Your spell library contained the following spells:

 Spells                   Type           Power      Damage    Failure   Level
 Ensorcelled Hibernation  Hex/Ice        4%         N/A       80%         2
 Passwall                 Tmut/Erth      1%         N/A       80%         2
 Swiftness                Air            2%         N/A       95%         3


Dungeon Overview and Level Annotations

Branches:
Dungeon (4/15)
 Temple: D:4-7

Altars:
Gozag


Innate Abilities, Weirdness & Mutations

You have very sharp teeth.
Your uncanny sense of smell can sniff out nearby items.
Your experience applies equally to all skills.


Message History

You reach to attack!
You barely miss the ogre. You barely miss the ogre.
The ogre hits you with a +0 giant club!!
You barely miss the ogre. The goblin barely misses you.
You puncture the ogre!
The ogre is moderately wounded.
The ogre barely misses you. The goblin barely misses you.
You hit the ogre.
The ogre is heavily wounded.
You block the ogre's attack. The goblin barely misses you.
You hit the ogre.
The ogre is heavily wounded.
The goblin hits you but does no damage.
The ogre hits you with a +0 giant club!!
Ouch! That really hurt!
* * * LOW HITPOINT WARNING * * *
You are too injured to fight recklessly!
Unknown command.
You block the goblin's attack. The goblin hits you but does no damage.
Aiming: Polymorph
Press: ? - help, Q - select action, (/) - cycle Shift-Dir - straight line, f/p - ogre
Aim: an ogre, wielding a +0 giant club (heavily wounded, will become a fire bat, an acid dragon, or a sky beast, chance to affect: 52%)
The ogre resists with significant effort.
The ogre barely misses you. The goblin hits you but does no damage.
You block the ogre's attack. The goblin attacks as you move away!
You block the goblin's attack. The goblin attacks as you move away!
The goblin hits you but does no damage. The goblin attacks as you move away!
You block the goblin's attack. The goblin attacks as you move away!
You block the goblin's attack. The goblin attacks as you move away!
The goblin hits you with a +0 dagger.
* * * LOW HITPOINT WARNING * * *
The goblin attacks as you move away! You block the goblin's attack.
You puncture the goblin!
You kill the goblin!
You see here a +0 short sword.
The ogre attacks as you move away! The ogre misses you.
The ogre attacks as you move away! The ogre hits you with a +0 giant club.
You die...
Your body crumbles into a pile of gold.

#.### #..<#
#.### #.####.#
#......#
#(###..#####
#..<...#
#.##.#.### #.
#.#@..# #.
#.#O###########
#.# #.
..#...........#
#.# ##
#.###.###.###.#
#.# #.#.....#.#
#.# #.#
#.#####.#.###.#
#######.#
#.#.....#
#....##.######.
###.#.#####
#....##........
#.....#


You could see an ogre.

Vanquished Creatures
  Ijyb (D:3)
  Robin (D:3)
  3 adders
  2 worms
  2 dart slugs (D:1)
  2 orcs
  3 bats (D:2)
  6 endoplasms
  6 giant cockroaches
  12 goblins
  6 hobgoblins
  8 jackals
  7 quokkas
  4 ball pythons
  4 frilled lizards
  7 kobolds
  7 rats
81 creatures vanquished.

Vanquished Creatures (others)
  4 plants (D:2)
4 creatures vanquished.

Grand Total: 85 creatures vanquished

Notes
Turn   | Place    | Note
-------+----------+-------------------------------------------
     0 | D:1      | Aibolit the Gnoll Fighter began the quest for the Orb.
     0 | D:1      | Reached XP level 1. HP: 23/23 MP: 1/1
   234 | D:1      | Reached XP level 2. HP: 27/29 MP: 2/2
  1081 | D:1      | Reached XP level 3. HP: 24/35 MP: 3/3
  1593 | D:2      | Reached skill level 1 in Invocations
  1815 | D:2      | Reached skill level 1 in Short Blades
  1815 | D:2      | Reached skill level 1 in Long Blades
  1815 | D:2      | Reached skill level 1 in Axes
  1815 | D:2      | Reached skill level 1 in Maces & Flails
  1815 | D:2      | Reached skill level 1 in Staves
  1815 | D:2      | Reached skill level 1 in Ranged Weapons
  1815 | D:2      | Reached skill level 1 in Throwing
  1815 | D:2      | Reached skill level 1 in Dodging
  1815 | D:2      | Reached skill level 1 in Stealth
  1815 | D:2      | Reached skill level 1 in Unarmed Combat
  1815 | D:2      | Reached skill level 1 in Spellcasting
  1815 | D:2      | Reached skill level 1 in Evocations
  1925 | D:2      | Reached XP level 4. HP: 41/41 MP: 5/5
  2078 | D:2      | Found a faded altar of an unknown god.
  2078 | D:2      | Noticed a chaos spawn
  2183 | D:2      | Prayed at the altar of an unknown god.
  2183 | D:2      | Became a worshipper of Gozag Ym Sagoz the Greedy
  2667 | D:3      | Reached skill level 1 in Conjurations
  2667 | D:3      | Reached skill level 1 in Hexes
  2667 | D:3      | Reached skill level 1 in Summonings
  2667 | D:3      | Reached skill level 1 in Necromancy
  2667 | D:3      | Reached skill level 1 in Translocations
  2667 | D:3      | Reached skill level 1 in Transmutations
  2667 | D:3      | Reached skill level 1 in Fire Magic
  2667 | D:3      | Reached skill level 1 in Ice Magic
  2667 | D:3      | Reached skill level 1 in Air Magic
  2667 | D:3      | Reached skill level 1 in Earth Magic
  2667 | D:3      | Reached skill level 1 in Poison Magic
  2698 | D:3      | Noticed Robin
  2740 | D:3      | Killed Robin
  2949 | D:3      | Reached XP level 5. HP: 47/47 MP: 7/7
  2963 | D:3      | Found a glowing drain.
  3225 | D:3      | Noticed Ijyb
  3241 | D:3      | Killed Ijyb
  3565 | D:4      | Noticed an ogre
  3573 | D:4      | HP: 1/47 [ogre/+0 giant club (27)]
  3585 | D:4      | HP: 2/47 [goblin/+0 dagger (1)]
  3613 | D:4      | Slain by an ogre

Illustrated notes

Levels and vault maps discovered:
D:1:      lightli_arrival_lavapool, layout_basic
D:2:      layout_basic, dreamdust_ecumenical_altar_sealed_demon, serial_forest,
          infiniplex_forest_lined_2, infiniplex_forest_clump_double,
          infiniplex_forest_3_way, infiniplex_forest_lined_room_3,
          infiniplex_forest_zigzag_2, infiniplex_forest_lined_4_way,
          infiniplex_forest_lined_room_3, infiniplex_forest_corner_2,
          infiniplex_forest_end_1
D:3:      layout_loops_ring, gup_sewer_entry_pipe, kennysheep_donut, uniq_ijyb,
          uniq_robin
D:4:      layout_basic

Skill      XL: |  1  2  3  4 |
---------------+-------------+-----
Invocations    | 1 |  1.8
Short Blades   | 1 |  1.6
Long Blades    | 1 |  1.6
Axes           | 1 |  1.6
Maces & Flails | 1 |  1.6
Staves         | 1 |  1.6
Ranged Weapons | 1 |  1.6
Throwing       | 1 |  1.6
Dodging        | 1 |  1.6
Stealth        | 1 |  1.6
Unarmed Combat | 1 |  1.6
Spellcasting   | 1 |  1.6
Evocations     | 1 |  1.6
Conjurations   | 1 |  1.2
Hexes          | 1 |  1.2
Summonings     | 1 |  1.2
Necromancy     | 1 |  1.2
Translocations | 1 |  1.2
Transmutations | 1 |  1.2
Fire Magic     | 1 |  1.2
Ice Magic      | 1 |  1.2
Air Magic      | 1 |  1.2
Earth Magic    | 1 |  1.2
Poison Magic   | 1 |  1.2
Fighting       | |  6.7
Polearms       | |  4.8
Armour         | |  6.7
Shields        | |  6.7

Action                   |  1- 3 |  4- 6 || total
-------------------------+-------+-------++-------
Melee: Trident           |    98 |   144 ||   242
       Bite              |     6 |     7 ||    13
Evoke: Wand              |       |     1 ||     1
  Use: Scroll            |       |     1 ||     1
       Potion            |       |     1 ||     1
 Stab: Distracted        |       |     1 ||     1
Armor: Scale mail        |    33 |    44 ||    77
Dodge: Dodged            |    22 |    39 ||    61
Block: Buckler           |    12 |    34 ||    46
